[Event "Titled Tuesday Blitz November 22 Early 2022"]
[White "Guliev, Logman"]
[Black "Prithu Gupta"]
[WhiteFideId "13400061"]
[BlackFideId "46618546"]
[WhiteElo "2161"]
[BlackElo "2344"]
[Result "0-1"]
[Round "02"]
[TimeControl "180+1"]
[Date "2022.11.23"]
[WhiteClock "0:00:02"]
[BlackClock "0:00:06"]

1. e4 e5 2. Nf3 Nc6 3. Bc4 Nf6 4. d3 Bc5 5. O-O O-O 6. h3 h6 7. c3 d6 8. d4 Bb6 9. Re1 exd4 10. cxd4 Nxe4 11. Rxe4 d5 12. Bxd5 Qxd5 13. Nc3 Qd8 14. d5 Ne7 15. Be3 Nf5 16. Bxb6 cxb6 17. Qd2 Nd6 18. Rf4 Bf5 19. Nd4 Bg6 20. Rd1 a6 21. Nf3 Bh5 22. Re1 Bxf3 23. Rxf3 Qd7 24. Qd4 Rfe8 25. Rxe8+ Rxe8 26. Qxb6 Re1+ 27. Kh2 Nc4 28. Qd4 Ne5 29. Rg3 Qf5 30. Qd2 Rf1 31. Qxh6 Ng6 32. Qe3 Rxf2 33. d6 Rxb2 34. Qe8+ Nf8 35. d7 Qxd7 36. Qe5 Ng6 37. Qb8+ Kh7 38. Ne4 f6 39. a4 Nh4 40. Qf4 Ng6 41. Qc1 Re2 42. Nc5 Qd5 43. Qb1 f5 44. Qb6 Qc6 45. Qb4 f4 46. Rg4 f3 47. Qc4 Rxg2+ 48. Rxg2 fxg2 49. Kg1 Nh4 50. Qxh4+ Qh6 51. Qxh6+ Kxh6 52. Kxg2 b5 53. a5 b4 54. Kg3 Kg5 55. Kf3 Kf5 56. Nxa6 b3 57. Nb4 b2 58. Nd5 b1=Q 59. Ne3+ Ke6 60. Kf4 Qb7 61. Nf5 Qb4+ 62. Kg5 Qxa5 63. Kh4 Qxf5 64. Kg3 g5 65. h4 Qf4+ 0-1


[Site "https://www.chess.com"]

[Event "Titled Tuesday Blitz November 22 Early 2022"]
[White "Hambleton, Aman"]
[Black "Mortazavi, Ali"]
[WhiteFideId "2606577"]
[BlackFideId "401323"]
[WhiteElo "2538"]
[BlackElo "2339"]
[Result "1-0"]
[Round "02"]
[TimeControl "180+1"]
[Date "2022.11.23"]
[WhiteClock "0:00:04"]
[BlackClock "0:00:05"]

1. d4 Nf6 2. c4 g6 3. Nc3 Bg7 4. e4 O-O 5. Bd3 d6 6. Nge2 Nc6 7. O-O Nh5 8. Be3 e5 9. Bc2 exd4 10. Nxd4 Ne5 11. Bb3 Ng4 12. Bc1 c5 13. Nf3 Re8 14. Ba4 Bd7 15. Bxd7 Qxd7 16. h3 Ne5 17. Nxe5 Bxe5 18. Nd5 Nf6 19. Nxf6+ Bxf6 20. Qd3 a6 21. f3 b5 22. Rb1 bxc4 23. Qxc4 a5 24. Be3 Rab8 25. Rfd1 Qc7 26. b3 Be5 27. Qd5 a4 28. bxa4 Qa5 29. Qc4 Rxb1 30. Rxb1 Ra8 31. a3 Qxa4 32. Rb8+ Kg7 33. Qxa4 Rxa4 34. Rb3 c4 35. Rb4 Rxa3 36. Bg5 Bd4+ 37. Kf1 c3 38. Rxd4 Ra1+ 39. Ke2 Ra2+ 40. Kf1 Ra1+ 41. Kf2 Ra2+ 42. Kg3 c2 43. Rc4 h6 44. Be3 Kf6 45. Rc3 Ke5 46. Kf2 f5 47. Kg3 g5 48. exf5 Kxf5 49. h4 d5 50. hxg5 hxg5 51. Rc5 Ke5 52. Bxg5 Kd4 53. Rc7 Kd3 54. Rc5 d4 55. Bf6 Ra1 56. Bxd4 c1=Q 57. Rxc1 Rxc1 58. Be5 Rc8 59. Kf4 Rd8 60. g4 Re8 61. g5 Rf8+ 62. Bf6 Kc4 63. Kf5 Kd5 64. g6 Ra8 65. f4 Kd6 66. g7 Ra5+ 67. Kg6 Ra8 68. Kh7 Ra7 69. Kh8 Ke6 70. g8=Q+ Kxf6 71. Qg5+ Kf7 72. Qg7+ Ke6 73. Qxa7 Kf5 74. Qb8 Kg4 75. Kg7 1-0


[Site "https://www.chess.com"]

[Event "Titled Tuesday Blitz November 22 Early 2022"]
[White "Harsh Suresh"]
[Black "Williams, Simon K"]
[WhiteFideId "45018464"]
[BlackFideId "404454"]
[WhiteElo "2227"]
[BlackElo "2468"]
[Result "1-0"]
[Round "02"]
[TimeControl "180+1"]
[Date "2022.11.23"]
[WhiteClock "0:00:15"]
[BlackClock "0:00:46"]

1. d4 e6 2. Nf3 f5 3. g3 Nf6 4. Bg2 Be7 5. O-O O-O 6. c4 d6 7. Nc3 a5 8. b3 Ne4 9. Qc2 Nxc3 10. Qxc3 Bf6 11. Ba3 c6 12. Qd3 Na6 13. e4 Nb4 14. Bxb4 axb4 15. exf5 exf5 16. Qd2 Qa5 17. Rfe1 Bd7 18. Re2 Rfe8 19. Rae1 Rxe2 20. Rxe2 h6 21. h4 Be8 22. Qf4 Rd8 23. Bh3 Bg6 24. Re6 Qxa2 25. Rxf6 gxf6 26. Qxh6 Qb1+ 27. Kg2 Bh7 28. Qxf6 Rf8 29. Qe6+ Kh8 30. Qxd6 Kg8 31. Qe6+ Kh8 32. Qh6 Kg8 33. Ng5 f4 34. Be6+ Kh8 35. Qxf8+ 1-0


[Site "https://www.chess.com"]

[Event "Titled Tuesday Blitz November 22 Early 2022"]
[White "Hoffmann, Asa"]
[Black "Vargas, Mauricio"]
[WhiteFideId "2001470"]
[BlackFideId "4404572"]
[WhiteElo "2117"]
[BlackElo "2025"]
[Result "1-0"]
[Round "02"]
[TimeControl "180+1"]
[Date "2022.11.23"]
[WhiteClock "0:01:36"]
[BlackClock "0:00:01"]

1. d4 Nf6 2. Bg5 d6 3. Nc3 c6 4. e4 h6 5. Bh4 g5 6. Bg3 Bg7 7. f3 b6 8. e5 Nd5 9. exd6 exd6 10. Qe2+ Ne7 11. O-O-O O-O 12. h4 f6 13. Qe4 Bf5 14. Qe3 d5 15. Bd3 Qd7 16. Nge2 Re8 17. Rde1 b5 18. hxg5 fxg5 19. Be5 Bg6 20. Ng3 Nf5 21. Nxf5 Bxf5 22. g4 Bxd3 23. Qxd3 Na6 24. Qg6 Re7 25. Rxh6 Rae8 26. Reh1 Kf8 27. Rh8+ Bxh8 28. Rxh8# 1-0


[Site "https://www.chess.com"]

[Event "Titled Tuesday Blitz November 22 Early 2022"]
[White "Hristodoulou, Panagiotis"]
[Black "Andreikin, Dmitry"]
[WhiteFideId "4214340"]
[BlackFideId "4158814"]
[WhiteElo "2272"]
[BlackElo "2736"]
[Result "0-1"]
[Round "02"]
[TimeControl "180+1"]
[Date "2022.11.22"]
[WhiteClock "0:00:01"]
[BlackClock "0:01:45"]

1. e4 c5 2. Nf3 d6 3. d4 cxd4 4. Nxd4 Nf6 5. Nc3 Bd7 6. Be2 e6 7. O-O Be7 8. Be3 O-O 9. f4 Nc6 10. Qd2 Nxd4 11. Bxd4 Bc6 12. Bf3 e5 13. Be3 exf4 14. Bxf4 Qb6+ 15. Kh1 Rad8 16. b3 Rfe8 17. Rae1 Nd7 18. Be2 Ne5 19. Bxe5 dxe5 20. Nd5 Bxd5 21. exd5 g6 22. Bc4 Qd6 23. Qe3 a6 24. Qxe5 Qxe5 25. Rxe5 Bd6 26. Rxe8+ Rxe8 27. a4 Kg7 28. g3 f5 29. Kg2 h5 30. Rf2 Kf6 31. Kf3 g5 32. Re2 g4+ 33. Kf2 Be5 34. Kg2 Rh8 35. Bd3 h4 36. Rf2 h3+ 37. Kh1 Rh5 38. c4 Bd6 39. Re2 Be5 40. Rf2 a5 41. c5 Bd4 42. Rc2 Rh8 43. c6 Re8 44. Rc1 bxc6 45. dxc6 Bb6 46. c7 Bxc7 47. Rf1 Re5 48. Bc4 Bd6 49. Kg1 Bc5+ 50. Kh1 Re3 51. Rd1 Bb4 52. Kg1 Rf3 53. Rd3 Bc5+ 0-1


[Site "https://www.chess.com"]

[Event "Titled Tuesday Blitz November 22 Early 2022"]
[White "Ibarra Jerez, Jose Carlos"]
[Black "Dilanyan, Grigor"]
[WhiteFideId "2226332"]
[BlackFideId "13303570"]
[WhiteElo "2638"]
[BlackElo "2229"]
[Result "1-0"]
[Round "02"]
[TimeControl "180+1"]
[Date "2022.11.22"]
[WhiteClock "0:01:56"]
[BlackClock "0:01:57"]

1. e4 g6 2. d4 Bg7 3. Nf3 d5 4. exd5 f6 5. c4 Nh6 6. Nc3 O-O 7. Be2 c6 8. dxc6 Nxc6 9. d5 Nb4 10. a3 Na6 11. b4 Nc7 12. O-O a5 13. Be3 Nf5 14. Bb6 Ra6 15. c5 Rxb6 16. cxb6 Na8 17. bxa5 Nd6 18. Nd4 f5 19. Rc1 Qe8 20. Re1 Bd7 21. Ne6 Bxe6 22. dxe6 Qc6 23. Nb5 Qxb5 24. Bxb5 Nxb5 25. Qd7 Nxa3 26. Qxb7 1-0


[Site "https://www.chess.com"]

[Event "Titled Tuesday Blitz November 22 Early 2022"]
[White "Indjic, Aleksandar"]
[Black "Papp, Levente"]
[WhiteFideId "911925"]
[BlackFideId "751243"]
[WhiteElo "2592"]
[BlackElo "2380"]
[Result "1-0"]
[Round "02"]
[TimeControl "180+1"]
[Date "2022.11.22"]
[WhiteClock "0:00:17"]
[BlackClock "0:00:01"]

1. d4 e6 2. Nf3 Nf6 3. Bg5 c5 4. d5 Qb6 5. Bxf6 gxf6 6. e4 Qxb2 7. Nbd2 a6 8. a4 Bg7 9. Bd3 f5 10. Rb1 Qc3 11. O-O f4 12. Rb3 Qf6 13. e5 Qd8 14. Ne4 O-O 15. c4 b5 16. Nd6 b4 17. h4 f5 18. Qd2 Bh6 19. g3 a5 20. Kh1 Kh8 21. gxf4 Na6 22. Ng5 Qe7 23. Be2 Nc7 24. Rg1 Ne8 25. Rbg3 Nxd6 26. exd6 Qf6 27. Bf3 e5 28. fxe5 Qg6 29. Nf7+ 1-0


[Site "https://www.chess.com"]

[Event "Titled Tuesday Blitz November 22 Early 2022"]
[White "Ivic, Velimir"]
[Black "Djokic, Mihailo"]
[WhiteFideId "950122"]
[BlackFideId "976440"]
[WhiteElo "2625"]
[BlackElo "2315"]
[Result "1-0"]
[Round "02"]
[TimeControl "180+1"]
[Date "2022.11.22"]
[WhiteClock "0:02:01"]
[BlackClock "0:02:06"]

1. d4 Nf6 2. c4 e6 3. Nf3 b6 4. g3 Bb7 5. Bg2 d5 6. O-O dxc4 7. Qa4+ Nbd7 8. Qxc4 Be7 9. Nc3 O-O 10. Ne5 Bxg2 11. Kxg2 Nxe5 12. dxe5 Nd7 13. f4 Qc8 14. Qc6 Nc5 15. Rd1 Rd8 16. Rxd8+ Bxd8 17. Qe8# 1-0


[Site "https://www.chess.com"]

[Event "Titled Tuesday Blitz November 22 Early 2022"]
[White "Janaszak, Dawid"]
[Black "Boros, Denes"]
[WhiteFideId "1119206"]
[BlackFideId "722340"]
[WhiteElo "2226"]
[BlackElo "2464"]
[Result "0-1"]
[Round "02"]
[TimeControl "180+1"]
[Date "2022.11.23"]
[WhiteClock "0:00:04"]
[BlackClock "0:00:08"]

1. e4 b6 2. d4 Bb7 3. Bd3 e6 4. Nd2 Ne7 5. Ngf3 Ng6 6. Nf1 Be7 7. Ng3 h5 8. h3 h4 9. Ne2 c5 10. Be3 Nc6 11. c3 a6 12. O-O d6 13. a4 Qc7 14. Qb1 Bf6 15. b4 cxd4 16. cxd4 e5 17. Rc1 Qe7 18. d5 Nd4 19. Nexd4 exd4 20. Bxd4 Nf4 21. Bf1 O-O 22. Qb2 Rae8 23. Bxf6 gxf6 24. Re1 Ng6 25. Qd2 Kh7 26. Nd4 Rg8 27. Nf5 Qf8 28. Rac1 Bc8 29. Rc7 Bxf5 30. exf5 Ne5 31. Re3 Qh6 32. Qd4 Rc8 33. Rxc8 Rxc8 34. Re4 Qg5 35. Kh2 Rc1 36. Be2 Kg7 37. Rxh4 Qxf5 38. Rf4 Qb1 39. Qe3 Rh1+ 40. Kg3 Qg6+ 41. Bg4 Rd1 42. Qe4 Qg5 43. Qf5 Rd3+ 44. f3 Rb3 45. Qxg5+ fxg5 46. Re4 Rb2 47. f4 gxf4+ 48. Rxf4 f6 49. Bf3 Rb3 50. h4 Ng6 51. Rg4 Kf7 52. Kh2 Ne5 53. Rf4 Rb2 54. h5 Kg7 55. Rh4 Nxf3+ 0-1


[Site "https://www.chess.com"]

[Event "Titled Tuesday Blitz November 22 Early 2022"]
[White "Jiganchine, Roman"]
[Black "Aaditya Dhingra"]
[WhiteFideId "2603667"]
[BlackFideId "25678191"]
[WhiteElo "2316"]
[BlackElo "2054"]
[Result "0-1"]
[Round "02"]
[TimeControl "180+1"]
[Date "2022.11.23"]
[WhiteClock "0:00:02"]
[BlackClock "0:01:12"]

1. e4 e5 2. Nf3 Nc6 3. Nc3 Nf6 4. Bb5 Nd4 5. O-O Nxf3+ 6. Qxf3 c6 7. Bc4 d6 8. h3 Be7 9. d3 O-O 10. Be3 Kh8 11. a4 Ng8 12. d4 f5 13. dxe5 fxe4 14. Qe2 d5 15. Rfd1 Qe8 16. Bxd5 cxd5 17. Nxd5 Bd8 18. Bc5 Rf5 19. Bd4 Rg5 20. Qxe4 Bxh3 21. Nf4 Bf5 22. Qe2 Bb6 23. Nd5 Bxd4 24. Rxd4 Rc8 25. c3 Be6 26. f4 Rf5 27. Ne3 Rf8 28. Rf1 Nh6 29. b4 Rxc3 30. Rd6 Rxe3 31. Qxe3 Nf5 32. Rxe6 Qxe6 33. Qxa7 Qc4 34. Qc5 Qxc5+ 35. bxc5 Rc8 36. g4 Ne3 37. Re1 Nxg4 38. e6 Kg8 39. e7 Kf7 40. c6 bxc6 41. a5 Nf6 42. a6 Ne8 0-1


[Site "https://www.chess.com"]

[Event "Titled Tuesday Blitz November 22 Early 2022"]
[White "Jobava, Baadur"]
[Black "Jarmula, Lukasz"]
[WhiteFideId "13601520"]
[BlackFideId "1160664"]
[WhiteElo "2582"]
[BlackElo "2357"]
[Result "1-0"]
[Round "02"]
[TimeControl "180+1"]
[Date "2022.11.22"]
[WhiteClock "0:00:43"]
[BlackClock "0:00:14"]

1. d4 d5 2. Nc3 Nf6 3. Bf4 e6 4. Nb5 Na6 5. e3 Be7 6. Nf3 O-O 7. h3 c5 8. c3 Bd7 9. a4 c4 10. b3 cxb3 11. Qxb3 Qa5 12. Rc1 Rfc8 13. Ne5 Be8 14. Bd3 Nc7 15. O-O a6 16. Nxc7 Rxc7 17. c4 Rac8 18. Ra1 Qb4 19. Qxb4 Bxb4 20. c5 a5 21. Bb5 Ne4 22. Nd3 Re7 23. Nxb4 axb4 24. Rfb1 Nc3 25. Rxb4 Bc6 26. Ra3 Ne4 27. f3 Nf6 28. Rab3 Ra8 29. Bxc6 bxc6 30. Rb8+ Re8 31. Rxa8 Rxa8 32. Rb8+ Rxb8 33. Bxb8 Nd7 34. Bd6 f6 35. a5 Kf7 36. a6 1-0


[Site "https://www.chess.com"]

[Event "Titled Tuesday Blitz November 22 Early 2022"]
[White "Jones, Gawain C B"]
[Black "Han, Yichen"]
[WhiteFideId "409561"]
[BlackFideId "1054430"]
[WhiteElo "2657"]
[BlackElo "2323"]
[Result "1-0"]
[Round "02"]
[TimeControl "180+1"]
[Date "2022.11.22"]
[WhiteClock "0:00:46"]
[BlackClock "0:00:06"]

1. Nf3 Nf6 2. g3 d5 3. Bg2 c6 4. O-O Bg4 5. c4 e6 6. Qb3 Qb6 7. d3 Nbd7 8. Be3 Bc5 9. Bxc5 Nxc5 10. Qc2 dxc4 11. Qxc4 Bxf3 12. Bxf3 Ncd7 13. Qc2 O-O 14. Nd2 Ne5 15. Bg2 Rad8 16. Rab1 a5 17. a3 Qa6 18. Nb3 Qb5 19. Rfc1 Qb6 20. Nc5 Nfd7 21. b4 axb4 22. Rxb4 Qxc5 23. Qxc5 Nxc5 24. Rxc5 Nd7 25. Rc1 Rb8 26. Rcb1 Nc5 27. d4 Na6 28. Rxb7 Rbd8 29. e3 Nb8 30. a4 Rc8 31. a5 Na6 32. R1b6 Ra8 33. Bxc6 Nb8 34. Bb5 Rd8 35. a6 Nxa6 36. Rxa6 Rxa6 37. Bxa6 f6 38. Bc4 Kf8 39. Bxe6 Rxd4 40. exd4 f5 41. d5 f4 42. d6 g6 43. Rxh7 fxg3 44. d7 g5 45. d8=Q# 1-0


[Site "https://www.chess.com"]

[Event "Titled Tuesday Blitz November 22 Early 2022"]
[White "Jumabayev, Rinat"]
[Black "Stankovic, Ivan G"]
[WhiteFideId "13702661"]
[BlackFideId "902837"]
[WhiteElo "2561"]
[BlackElo "2226"]
[Result "1-0"]
[Round "02"]
[TimeControl "180+1"]
[Date "2022.11.23"]
[WhiteClock "0:01:29"]
[BlackClock "0:00:59"]

1. e4 c5 2. Nf3 Nc6 3. Bb5 g6 4. O-O Bg7 5. c3 Nh6 6. d4 cxd4 7. cxd4 a6 8. Ba4 O-O 9. d5 Nb8 10. Nc3 d6 11. h3 Nd7 12. Re1 f5 13. Bg5 f4 14. Bxd7 Bxd7 15. e5 Nf7 16. exd6 Nxg5 17. dxe7 Nxf3+ 18. Qxf3 Qb6 19. exf8=Q+ Rxf8 20. Re7 Qxb2 21. Rb1 Qxc3 22. Qxc3 Bxc3 23. Rxd7 b5 24. d6 f3 25. Rd1 a5 26. Rc7 Be5 27. Rc5 Bf6 28. Rxb5 fxg2 29. Rxa5 Bh4 30. Rd2 Bg5 31. Rxg5 1-0


[Site "https://www.chess.com"]

[Event "Titled Tuesday Blitz November 22 Early 2022"]
[White "Kalajzic, Ivan"]
[Black "Kodinets, Konstantin L."]
[WhiteFideId "14506378"]
[BlackFideId "4122011"]
[WhiteElo "2163"]
[BlackElo "2447"]
[Result "0-1"]
[Round "02"]
[TimeControl "180+1"]
[Date "2022.11.23"]
[WhiteClock "0:00:23"]
[BlackClock "0:00:40"]

1. b3 d5 2. Bb2 c6 3. e3 e6 4. Nf3 f5 5. Ne5 Nf6 6. h3 Nbd7 7. g4 Nxe5 8. Bxe5 Bd6 9. Bxd6 Qxd6 10. g5 Nd7 11. f4 e5 12. Qh5+ g6 13. Qh4 exf4 14. exf4 Nc5 15. d3 Ne6 16. Nd2 Qxf4 17. Qxf4 Nxf4 18. O-O-O Kf7 19. Nf3 Re8 20. d4 h6 21. Ne5+ Kg7 22. h4 hxg5 23. hxg5 Ne6 24. Rh6 Nf4 25. Rd2 Rh8 26. Rdh2 Be6 27. Kd2 Rxh6 28. gxh6+ Kh7 29. Ke3 g5 30. Nf3 Kg6 31. c4 Rh8 32. Ne5+ Kf6 33. cxd5 Bxd5 34. Bc4 Ng6 35. Nd7+ Ke7 36. Bxd5 Kxd7 37. Bf7 Nf4 38. h7 Ke7 39. Bg8 Ng6 40. d5 cxd5 41. Bxd5 Kf6 42. Bxb7 Nh4 43. Kf2 Rxh7 44. Bd5 Rd7 45. Bc4 Rd2+ 46. Kg3 f4+ 47. Kh3 g4+ 48. Kxh4 Rxh2+ 49. Kxg4 Ke5 50. b4 Ke4 51. a4 Rg2+ 52. Kh3 Rb2 53. b5 Rb4 54. Bf1 Rxa4 55. Bg2+ f3 56. Bh1 Ra1 57. b6 axb6 58. Bxf3+ Kxf3 59. Kh2 Rb1 0-1


[Site "https://www.chess.com"]

[Event "Titled Tuesday Blitz November 22 Early 2022"]
[White "Kalashian, David"]
[Black "Svane, Rasmus"]
[WhiteFideId "13302418"]
[BlackFideId "4657101"]
[WhiteElo "2490"]
[BlackElo "2674"]
[Result "0-1"]
[Round "02"]
[TimeControl "180+1"]
[Date "2022.11.22"]
[WhiteClock "0:00:28"]
[BlackClock "0:01:15"]

1. d4 d5 2. Nf3 e6 3. c4 a6 4. cxd5 exd5 5. g3 Nf6 6. Bg2 Bd6 7. O-O O-O 8. Nc3 h6 9. a3 c6 10. b4 Bf5 11. Bf4 Re8 12. Bxd6 Qxd6 13. Ne5 Nbd7 14. Nxd7 Qxd7 15. Na4 Qd6 16. e3 Re7 17. Rc1 h5 18. h3 Rae8 19. Nc5 g6 20. a4 Ne4 21. Nxe4 Bxe4 22. b5 cxb5 23. axb5 axb5 24. Qb3 Bxg2 25. Kxg2 h4 26. g4 Rxe3 27. fxe3 Qg3+ 28. Kh1 Qxh3+ 29. Kg1 Rxe3 30. Qxd5 Rg3+ 31. Kf2 Qh2+ 32. Ke1 Re3+ 33. Kd1 Qe2# 0-1


[Site "https://www.chess.com"]

[Event "Titled Tuesday Blitz November 22 Early 2022"]
[White "Keymer, Vincent"]
[Black "Sadubayev, Airat"]
[WhiteFideId "12940690"]
[BlackFideId "13713264"]
[WhiteElo "2600"]
[BlackElo "2160"]
[Result "1-0"]
[Round "02"]
[TimeControl "180+1"]
[Date "2022.11.22"]
[WhiteClock "0:01:27"]
[BlackClock "0:00:12"]

1. a3 d5 2. Nf3 c5 3. b4 cxb4 4. axb4 Nf6 5. e3 e6 6. b5 Nbd7 7. Bb2 Be7 8. Be2 O-O 9. O-O Nb6 10. Ne5 Nfd7 11. f4 Bf6 12. d4 Qc7 13. Nd2 a6 14. bxa6 bxa6 15. Ba3 Re8 16. Bd3 Bb7 17. Nxf7 Kxf7 18. Qh5+ g6 19. Qxh7+ Bg7 20. Qxg6+ Kg8 21. Qh7+ Kf7 22. Qh5+ Kg8 23. Bh7+ Kh8 24. Bg6+ Kg8 25. Qh7# 1-0


[Site "https://www.chess.com"]

[Event "Titled Tuesday Blitz November 22 Early 2022"]
[White "Khamdamova, Afruza"]
[Black "De Souza, Cristiano Gomes"]
[WhiteFideId "14210444"]
[BlackFideId "2151758"]
[WhiteElo "2018"]
[BlackElo "2068"]
[Result "1-0"]
[Round "02"]
[TimeControl "180+1"]
[Date "2022.11.23"]
[WhiteClock "0:00:52"]
[BlackClock "0:00:52"]

1. e4 c5 2. Nf3 d6 3. d4 cxd4 4. Nxd4 Nf6 5. Nc3 a6 6. Bg5 e6 7. f4 Be7 8. Qf3 h6 9. Bh4 g5 10. fxg5 Nfd7 11. O-O-O Ne5 12. Qe2 Bxg5+ 13. Bxg5 hxg5 14. g3 Qb6 15. Kb1 Nbc6 16. Nb3 Qc7 17. Qd2 Nf3 18. Qe3 Nce5 19. Be2 g4 20. Bxf3 gxf3 21. Qd4 Ke7 22. h4 Bd7 23. Rhf1 Rag8 24. Qf2 Bc6 25. Nd4 Qb6 26. Nf5+ exf5 27. Qxb6 fxe4 28. Qc7+ Ke8 29. Qxd6 Nd7 30. Nxe4 1-0


[Site "https://www.chess.com"]

[Event "Titled Tuesday Blitz November 22 Early 2022"]
[White "Khandelwal, Ankush"]
[Black "Gardezi, Arsal"]
[WhiteFideId "413470"]
[BlackFideId "30949521"]
[WhiteElo "2271"]
[BlackElo "1906"]
[Result "1-0"]
[Round "02"]
[TimeControl "180+1"]
[Date "2022.11.23"]
[WhiteClock "0:00:35"]
[BlackClock "0:00:17"]

1. e4 e5 2. Nf3 Nc6 3. d4 exd4 4. Nxd4 Bc5 5. Nb3 Bb6 6. Nc3 Nf6 7. Qe2 d6 8. Be3 Qe7 9. O-O-O Be6 10. Nd5 Bxd5 11. exd5 Ne5 12. Qb5+ Qd7 13. Bxb6 axb6 14. f4 Qxb5 15. Bxb5+ Ned7 16. Rhe1+ Kd8 17. Kb1 Re8 18. Rxe8+ Nxe8 19. Nd4 g6 20. Nf3 Nef6 21. Ng5 Ra5 22. a4 Ke7 23. Re1+ Kf8 24. Bxd7 Nxd7 25. Nxh7+ Kg7 26. Re7 Rxa4 27. Ng5 Nc5 28. Rxf7+ Kg8 29. g3 Rd4 30. Rxc7 Rxd5 31. b4 Na4 32. Rc8+ Kg7 33. Rc7+ Kg8 34. c4 Rd4 35. Rc8+ Kg7 36. Ne6+ 1-0


[Site "https://www.chess.com"]

[Event "Titled Tuesday Blitz November 22 Early 2022"]
[White "Kim, Sergey"]
[Black "Grandelius, Nils"]
[WhiteFideId "13700570"]
[BlackFideId "1710400"]
[WhiteElo "2603"]
[BlackElo "2617"]
[Result "0-1"]
[Round "02"]
[TimeControl "180+1"]
[Date "2022.11.23"]
[WhiteClock "0:00:14"]
[BlackClock "0:00:18"]

1. d4 f5 2. c4 Nf6 3. g3 g6 4. Bg2 Bg7 5. Nf3 O-O 6. O-O d6 7. Nc3 Nc6 8. d5 Ne5 9. Nxe5 dxe5 10. c5 Kh8 11. Qb3 f4 12. Rd1 Rb8 13. d6 exd6 14. cxd6 cxd6 15. Nb5 d5 16. Nxa7 Bg4 17. f3 Qa5 18. Nb5 Bd7 19. Nc3 Qc5+ 20. Kh1 fxg3 21. hxg3 d4 22. Na4 Qc6 23. Nb6 Be6 24. Qb4 Nh5 25. Kh2 e4 26. f4 Rbd8 27. Bd2 Bg4 28. Re1 Nf6 29. Rac1 Qe6 30. e3 Bf5 31. Nc4 Ng4+ 32. Kg1 dxe3 33. Nxe3 Rd4 34. Nxf5 Rxb4 35. Nxg7 Kxg7 36. Bxb4 Qb6+ 37. Bc5 Qxb2 38. Rb1 Qc3 39. Bxf8+ Kxf8 40. Rxe4 Qc5+ 41. Kh1 Nf2+ 42. Kh2 Nxe4 43. Bxe4 b5 44. Re1 Qf2+ 0-1


[Site "https://www.chess.com"]

[Event "Titled Tuesday Blitz November 22 Early 2022"]
[White "Kirillov, Dmitry"]
[Black "Rosenberg, Evan S"]
[WhiteFideId "34180572"]
[BlackFideId "2019299"]
[WhiteElo "2095"]
[BlackElo "2350"]
[Result "1-0"]
[Round "02"]
[TimeControl "180+1"]
[Date "2022.11.23"]
[WhiteClock "0:00:45"]
[BlackClock "0:00:29"]

1. e4 e5 2. Nf3 Nc6 3. Bc4 Nf6 4. d3 h6 5. O-O d6 6. c3 g5 7. d4 g4 8. Ne1 Nxe4 9. f3 Nf6 10. fxg4 Bxg4 11. Bxf7+ Kxf7 12. Qxg4 Rg8 13. Qf3 Qe7 14. d5 Nb8 15. Nd2 Nd7 16. Ne4 Rg6 17. h4 Kg8 18. h5 Nxe4 19. hxg6 Nef6 20. Qh3 Nxd5 21. Rf7 Qe8 22. Bxh6 Bxh6 23. Qxh6 Qxf7 24. gxf7+ Kxf7 25. Qh7+ Ke6 26. Nf3 Rf8 27. Ng5+ Kf6 28. Qxd7 Kxg5 29. Rf1 Rxf1+ 30. Kxf1 Ne3+ 31. Ke2 Nxg2 32. Qg7+ 1-0


[Site "https://www.chess.com"]

[Event "Titled Tuesday Blitz November 22 Early 2022"]
[White "Kollars, Dmitrij"]
[Black "Begmuratov, Khumoyun"]
[WhiteFideId "12909572"]
[BlackFideId "14210207"]
[WhiteElo "2584"]
[BlackElo "2267"]
[Result "1-0"]
[Round "02"]
[TimeControl "180+1"]
[Date "2022.11.22"]
[WhiteClock "0:00:05"]
[BlackClock "0:00:03"]

1. c4 Nf6 2. Nc3 g6 3. e4 d6 4. d4 Bg7 5. Be3 O-O 6. Be2 c6 7. Nf3 a6 8. O-O b5 9. Qc2 b4 10. Na4 d5 11. cxd5 cxd5 12. e5 Ne4 13. Bd3 Bf5 14. Nd2 Nxd2 15. Bxd2 Bxd3 16. Qxd3 a5 17. Rac1 Nd7 18. Qb5 Rb8 19. Qa6 Ra8 20. Qb7 Rb8 21. Qc7 Rc8 22. Qxd8 Rfxd8 23. f4 e6 24. Kf2 Bf8 25. Ke2 Be7 26. g4 Rc4 27. Kd3 Rdc8 28. b3 Rxc1 29. Bxc1 Nb8 30. Be3 Kf8 31. f5 Ke8 32. f6 Bd8 33. Rf3 Kf8 34. Bh6+ Kg8 35. Rf1 Nc6 36. h4 Na7 37. h5 g5 38. Bxg5 Nb5 39. Rc1 Rxc1 40. Bxc1 Na7 41. Bh6 Nc6 42. Be3 Bc7 43. g5 Bb8 44. Nc5 Ba7 45. Nd7 Nd8 46. Bc1 Nc6 47. Bb2 Nd8 48. a3 Nc6 49. axb4 Nxb4+ 50. Kd2 Nc6 51. Ke3 Kh8 52. Bc3 Kg8 53. Kd3 Kh8 54. g6 Kg8 55. g7 Nb4+ 56. Bxb4 axb4 57. Ke3 h6 58. Kd3 Kh7 59. Nc5 Kg8 60. Na6 Kh7 61. Nxb4 Bb6 62. Nc6 Kg8 63. b4 Kh7 64. Ne7 Bd8 65. g8=Q# 1-0


[Site "https://www.chess.com"]

[Event "Titled Tuesday Blitz November 22 Early 2022"]
[White "Kopylov, Alexander A."]
[Black "Sariego Figueredo, Wilfredo"]
[WhiteFideId "4164857"]
[BlackFideId "3500080"]
[WhiteElo "2436"]
[BlackElo "2309"]
[Result "1-0"]
[Round "02"]
[TimeControl "180+1"]
[Date "2022.11.23"]
[WhiteClock "0:01:16"]
[BlackClock "0:00:16"]

1. e4 c5 2. Nf3 a6 3. c4 Nc6 4. Nc3 g6 5. g3 Bg7 6. Bg2 d6 7. h3 Be6 8. d3 Nf6 9. Nd5 Bxd5 10. cxd5 Nb8 11. O-O Nbd7 12. Re1 O-O 13. g4 Ne8 14. Qe2 e6 15. dxe6 fxe6 16. Be3 Nc7 17. d4 cxd4 18. Nxd4 Qe7 19. Rad1 Bxd4 20. Rxd4 e5 21. Rd2 Nf6 22. Red1 Rfd8 23. f4 Ne6 24. f5 Nc7 25. Qc4+ Kg7 26. g5 b5 27. gxf6+ Kxf6 28. Qc6 Ne8 29. Bc5 Kg7 30. Bxd6 Nxd6 31. Rxd6 Qg5 32. Qc7+ Kh6 33. Rxd8 Rxd8 34. Qxd8 Qe3+ 35. Kh1 Qe2 36. Qh4+ Kg7 37. Rd7+ Kf8 38. Qd8# 1-0


[Site "https://www.chess.com"]

[Event "Titled Tuesday Blitz November 22 Early 2022"]
[White "Korchmar, Vasiliy"]
[Black "Shubenkova, Veronika"]
[WhiteFideId "24131750"]
[BlackFideId "44124040"]
[WhiteElo "2370"]
[BlackElo "2027"]
[Result "1-0"]
[Round "02"]
[TimeControl "180+1"]
[Date "2022.11.23"]
[WhiteClock "0:01:11"]
[BlackClock "0:00:27"]

1. e4 e6 2. d4 d5 3. e5 c5 4. c3 Nc6 5. Nf3 Qb6 6. Be2 Bd7 7. O-O cxd4 8. cxd4 f6 9. Nc3 Be7 10. Be3 a6 11. Rc1 Qc7 12. Na4 b6 13. Qb3 Bd8 14. exf6 Nxf6 15. Ne5 O-O 16. Rc2 Qb7 17. Nc5 Qa7 18. Ncxd7 1-0


[Site "https://www.chess.com"]

[Event "Titled Tuesday Blitz November 22 Early 2022"]
[White "Kowalczyk, Pawel"]
[Black "Urquhart, Ed"]
[WhiteFideId "1130641"]
[BlackFideId "2603748"]
[WhiteElo "2324"]
[BlackElo "2184"]
[Result "0-1"]
[Round "02"]
[TimeControl "180+1"]
[Date "2022.11.23"]
[WhiteClock "0:01:13"]
[BlackClock "0:00:16"]

1. e4 c5 2. Nf3 e6 3. g3 Nc6 4. Bg2 d6 5. O-O Nf6 6. Re1 e5 7. c3 Be7 8. d4 O-O 9. Bg5 Rb8 10. a4 a6 11. Na3 Re8 12. dxe5 dxe5 13. Bxf6 Bxf6 14. Nc4 Be6 15. Ne3 b5 16. axb5 axb5 17. Ra6 Qc8 18. Qa1 b4 19. Nd5 Bxd5 20. exd5 Nd8 21. Nd2 bxc3 22. bxc3 Nb7 23. Ne4 Be7 24. d6 Bf8 25. Rd1 Rd8 26. Qa2 h6 27. h4 c4 28. Kh2 Nc5 29. Rc6 Qxc6 30. Nf6+ gxf6 31. Bxc6 Nd3 32. d7 Rb2 33. Qxc4 Nxf2 34. Rf1 Ng4+ 35. Kh1 Ne3 36. Qd3 Nxf1 37. Qxf1 Be7 38. Qf5 Rdb8 39. Be4 Bd8 40. Qh7+ Kf8 41. Qh8+ Ke7 42. Qe8+ Kd6 43. Qxf7 Re2 44. Qd5+ Ke7 45. Bf5 Rbb2 46. Qe6+ Kf8 47. Qe8+ Kg7 48. Qg6+ Kf8 49. Qxh6+ Ke7 50. Qg7+ Kd6 51. Qf8+ Kc6 0-1


[Site "https://www.chess.com"]